 Dungeon Crawl Stone Soup version 0.30.0-29-ga12c61a403 (webtiles) character file.

Game seed: 17863481227794394843

1718 seaoflcl the Chopper (level 8, -5/70 HPs)
             Began as a Minotaur Fighter on June 7, 2023.
             Constricted to death by Maggie (7 damage)
             ... on level 7 of the Dungeon.
             The game lasted 00:10:18 (6676 turns).

seaoflcl the Chopper (Minotaur Fighter)             Turns: 6676, Time: 00:10:19

Health: -5/70      AC: 15    Str: 22    XL:     8   Next: 75%
Magic:  7/7        EV:  3    Int:  5    God:
Gold:   224        SH:  5    Dex: 11    Spells: 7/7 levels left

rFire   . . .        C - +2 hand axe (freeze)
rCold   . . .        c - +0 buckler
rNeg    . . .        H - +0 plate armour
rPois   .            (helmet restricted)
rElec   .            (no cloak)
rCorr   .            l - +0 pair of gloves
SInv    .            J - +0 pair of boots
Will    .....        v - amulet of faith Stlth
                     (no ring)
HPRegen 0.31/turn    (no ring)
MPRegen 0.10/turn

%: faith
@: grasped by roots, mesmerised, constricted
A: horns 2, retaliatory headbutt
a: no special abilities


You were on level 7 of the Dungeon.
You visited 2 branches of the dungeon, and saw 8 of its levels.
You also visited: Sewer.

You collected 224 gold pieces.

Inventory:

Hand Weapons
 a - a +0 war axe
 e - a +0 sling
 y - a +2 dagger of venom
 C - a +2 hand axe of freezing (weapon)
Missiles
 o - 2 throwing nets
 t - 4 poisoned darts (quivered)
 F - a curare-tipped dart
Armour
 c - a +0 buckler (worn)
 l - a +0 pair of gloves (worn)
 H - a +0 plate armour (worn)
 J - a +0 pair of boots (worn)
Jewellery
 v - an amulet of faith (around neck)
 G - a +4 ring of protection
 I - a +4 ring of protection
Wands
 g - a wand of polymorph (8)
Scrolls
 f - 3 scrolls of enchant armour
 h - 2 scrolls of brand weapon
 j - 2 scrolls of vulnerability {unknown}
 k - 2 scrolls of butterflies
 m - 4 scrolls of teleportation
 n - 4 scrolls of immolation
 r - 2 scrolls of magic mapping {unknown}
 w - a scroll of amnesia {unknown}
 x - 3 scrolls of fear
Potions
 b - 2 potions of flight
 d - a potion of might
 i - 3 potions of resistance
 p - 3 potions of curing
 s - a potion of haste {unknown}
 u - 2 potions of brilliance
 z - 2 potions of heal wounds {unknown}
 A - 3 potions of mutation
 B - a potion of attraction {unknown}
 D - 2 potions of degeneration {unknown}
 E - a potion of invisibility {unknown}


   Skills:
 + Level 6.3 Fighting
 * Level 7.6 Axes
 + Level 4.4 Ranged Weapons
 + Level 3.8 Throwing
 + Level 6.2 Armour
 + Level 6.2 Shields


You had 7 spell levels left.
You didn't know any spells.
Your spell library contained the following spells:

 Spells                   Type           Power      Damage    Failure   Level
 Freeze                   Ice            0%         1d3       100%        1
 Cigotuvi's Dreadful Rot  Necr/Pois/Air  0%         N/A       100%        2
 Sublimation of Blood     Necr           0%         N/A       100%        2
 Wereblood                Tmut           0%         N/A       100%        2
 Frozen Ramparts          Ice            0%         1d1       100%        3
 Hailstorm                Conj/Ice       0%         3d3       100%        3
 Ignite Poison            Fire/Tmut/Pois 0%         N/A       100%        3
 Freezing Cloud           Conj/Ice/Air   0%         6-21      100%        5
 Summon Hydra             Summ           0%         N/A       100%        7


Dungeon Overview and Level Annotations

Branches:
Dungeon (7/15)             Temple (1/1) D:6           Sewer (visited)

Altars:
Ashenzari
Cheibriados
Dithmenos
Elyvilon
Fedhas
Gozag
Hepliaklqana
Kikubaaqudgha
Makhleb
Nemelex Xobeh
Qazlal
Ru
Sif Muna
Trog
Uskayaw
Vehumet
Wu Jian
Xom
Yredelemnul

Shops:
D:5 =

Annotations:
D:6 2 runed translucent doors, chickenninja42's ghost, novice MiWn
D:7 Maggie


Innate Abilities, Weirdness & Mutations

You have a pair of horns on your head.
You reflexively headbutt those who attack you in melee.


Message History

There is a stone staircase leading up here.
You cannot move away from Maggie!
Unknown command.
You are too injured to fight recklessly!
You hit Maggie but do no damage.
Maggie is moderately wounded.
You hit the bullfrog.
The bullfrog seems to slow down.
You freeze the bullfrog.
You kill the bullfrog!
You hit Maggie but do no damage.
Maggie is moderately wounded.
Maggie hits you but does no damage.
You hit Maggie. You freeze Maggie.
Maggie is heavily wounded.
Maggie looks more healthy.
Maggie mumbles some strange words.
Maggie draws you further into her thrall.
You barely miss Maggie.
Maggie is heavily wounded.
Maggie hits you with a +0 glaive.
You barely miss Maggie.
Maggie is heavily wounded.
Maggie closely misses you.
You hit Maggie. You freeze Maggie.
Maggie is heavily wounded.
Maggie zaps a wand.
The roots erupt in riotous growth!
The grasping roots grab you!
Maggie is unaffected.
The grasping roots constrict you.
You hear a shout! x3
Unknown command.
You hit Maggie. You freeze Maggie. You headbutt Maggie!
Maggie is almost dead.
Maggie hits you but does no damage. The grasping roots constrict you.
You hit Maggie. You freeze Maggie. You headbutt Maggie, but do no damage.
Maggie is almost dead.
Maggie says, "Did Master Lance send you?"
Maggie gestures at you while chanting. The bolt of fire hits you!!
* * * LOW HITPOINT WARNING * * *
The grasping roots constrict you!
You die...

###.........## #..
.........<...###....#
#...................
##..................
...(... .....#.##.#
...((.###........#
...##............##
.......@@........[# #.
.#####............##...
#..................
#..#...........#..#
...##...........#.#
$.## ##.........##.#
..# #............# ##
#..........#.#
#..........# #


You could see Maggie (mesmerising).

Vanquished Creatures
  Grinder (D:3)
  Eustachio (D:4)
  A black bear (D:6)
  An ogre (D:6)
  3 phantoms
  2 kobold brigands (Sewer)
  2 bullfrogs
  A scorpion (D:6)
  4 hounds
  A jelly (D:4)
  2 sleepcaps (D:6)
  A gnoll bouda (D:6)
  2 iguanas
  Natasha (thrice) (D:3)
  An orc wizard (D:6)
  4 gnolls
  8 adders
  A river rat (Sewer)
  2 shadow imps
  An ufetubus (D:5)
  6 worms
  A dart slug (D:1)
  21 orcs
  5 ball pythons
  3 bats
  10 endoplasms
  6 giant cockroaches
  6 goblins
  4 hobgoblins
  3 jackals (D:3)
  11 quokkas
  8 frilled lizards
  13 kobolds
  9 rats
148 creatures vanquished.

Notes
Turn   | Place    | Note
-------+----------+-------------------------------------------
     0 | D:1      | seaoflcl the Minotaur Fighter began the quest for the Orb.
     0 | D:1      | Reached XP level 1. HP: 19/19 MP: 0/0
   261 | D:1      | Reached XP level 2. HP: 26/27 MP: 1/1
   367 | D:1      | Reached skill level 3 in Axes
   525 | D:1      | Reached XP level 3. HP: 30/33 MP: 2/2
  1045 | D:2      | Reached skill level 1 in Ranged Weapons
  1955 | D:3      | Noticed Natasha
  1959 | D:3      | Killed Natasha
  1960 | D:3      | Reached XP level 4. HP: 40/40 MP: 3/3
  2117 | D:3      | Found a shadowy altar of Dithmenos.
  2299 | D:3      | Reached skill level 4 in Axes
  2299 | D:3      | Reached skill level 1 in Throwing
  2343 | D:3      | Noticed Grinder
  2349 | D:3      | Paralysed by Grinder for 2 turns
  2364 | D:3      | Paralysed by Grinder for 3 turns
  2369 | D:3      | Killed Grinder
  2370 | D:3      | Reached XP level 5. HP: 17/47 MP: 4/4
  2370 | D:3      | Reached XP level 6. HP: 20/53 MP: 5/5
  2640 | D:3      | Noticed Natasha
  2648 | D:3      | Killed Natasha
  2712 | D:3      | Noticed Natasha
  2719 | D:3      | Killed Natasha
  3320 | D:4      | Reached skill level 5 in Axes
  3469 | D:4      | Found a stormy altar of Qazlal.
  3479 | D:4      | Reached skill level 5 in Fighting
  3712 | D:4      | Noticed Eustachio
  3731 | D:4      | Killed Eustachio
  3732 | D:4      | Reached skill level 5 in Armour
  3732 | D:4      | Reached skill level 5 in Shields
  3732 | D:4      | Reached XP level 7. HP: 39/61 MP: 6/6
  3928 | D:5      | Entered Level 5 of the Dungeon
  3938 | D:5      | Found a glowing drain.
  3958 | Sewer    | Entered a sewer
  4384 | Sewer    | Reached skill level 6 in Axes
  4608 | D:5      | Found Sipeigab's Jewellery Boutique.
  4828 | D:5      | Reached XP level 8. HP: 63/69 MP: 7/7
  4845 | D:5      | You fall into a shaft and drop 1 floor!
  4845 | D:6      | Found a staircase to the Ecumenical Temple.
  4849 | Temple   | Entered the Ecumenical Temple
  5292 | D:6      | Reached skill level 7 in Axes
  5704 | D:6      | Found a large runed translucent door.
  5723 | D:6      | Found a large runed translucent door.
  5738 | D:6      | Noticed chickenninja42's ghost (novice MiWn)
  6230 | D:5      | Found a blossoming altar of Fedhas.
  6654 | D:7      | Noticed Maggie
  6676 | D:7      | HP: 2/70 [Maggie/bolt of fire (24)]
  6676 | D:7      | Constricted to death by Maggie

Illustrated notes

Levels and vault maps discovered:
D:1:      giann_wishing_wells, layout_basic, kennysheep_decorative_pillar
D:2:      minmay_diamond_boxcup, layout_basic
D:3:      layout_rooms, grunt_dithmenos_smoke, kennysheep_pointless_box,
          kennysheep_generic_room_6, uniq_grinder, uniq_natasha
D:4:      layout_loops_ring, grunt_qazlal_sundering, uniq_eustachio
D:5:      layout_basic, mainiacjoe_overflow_alcove_4, serial_shops,
          nicolae_shop_gaudy_bauble, portal_sewer_entry_f
D:6:      layout_basic, minmay_temple_entry_fiery, ebering_ghost_disaster_area
D:7:      layout_rooms, gammafunk_ghost_abyssal_escape, uniq_maggie
Temple:   nicolae_temple_bog_church

Skill      XL: |  1  2  3  4  5  6  7  8 |
---------------+-------------------------+-----
Axes           | 3 4 5 6 7 |  7.6
Armour         | 4 5 6 |  6.2
Ranged Weapons | 1 2 3 4 |  4.4
Fighting       | 4 5 6 |  6.3
Shields        | 4 5 6 |  6.2
Throwing       | 1 2 3 |  3.8

Action                     |  1- 3 |  4- 6 |  7- 9 || total
---------------------------+-------+-------+-------++-------
  Melee: War axe           |   108 |   104 |       ||   212
         Headbutt          |    13 |    19 |    31 ||    63
         Hand axe          |       |    19 |   195 ||   214
  Throw: Dart              |       |       |     6 ||     6
    Use: Potion            |       |     3 |       ||     3
         Scroll            |       |       |    10 ||    10
 Armour: Scale mail        |    39 |       |       ||    39
         Chain mail        |    11 |    73 |    64 ||   148
         Plate armour      |       |       |    16 ||    16
  Dodge: Dodged            |    35 |    69 |    50 ||   154
  Block: Buckler           |    16 |    32 |    37 ||    85
